AAA
TRENTON LIBERTY @ VANCOUVER THUNDERBIRDS
07/06/2059
 
TOP OF THE 1ST
Trenton Liberty batting - Pitching for Vancouver Thunderbirds : RHP Marlon Jaynes
Pitching: RHP Marlon Jaynes
Batting: RHB Wellington Wingate 0-0: Called Strike
0-1: Swinging Strike
0-2: Ball
1-2: Strikes out swinging
Batting: RHB Walter Muller 0-0: SOLO HOME RUN (Flyball, 9D, EV 92.5 MPH), Distance : 353 ft
Batting: LHB Marc Kreischer 0-0: Ball
1-0: Called Strike
1-1: Foul Ball, location: 2F
1-2: Ball
2-2: Ball
3-2: SINGLE (Groundball, 13S, EV 64.4 MPH) (infield hit)
Batting: SHB Wes Johnson 0-0: Foul Ball, location: 2F
0-1: Swinging Strike
0-2: Ball
1-2: Ball
2-2: Ball
3-2: Foul Ball, location: 2F
3-2: Base on Balls
Marc Kreischer to second
Batting: RHB Willy Ellison 0-0: Ball
1-0: Called Strike
1-1: Foul Ball, location: 2F
1-2: Strikes out swinging
Batting: LHB Rob Weeks 0-0: Ball
1-0: Ball
2-0: Foul Ball, location: 2F
2-1: Fly out, F9 (Line Drive, 89S, EV 93.1 MPH)
Top of the 1st over - 1 run, 2 hits, 0 errors, 2 left on base; Trenton 1 - Vancouver 0
BOTTOM OF THE 1ST
Vancouver Thunderbirds batting - Pitching for Trenton Liberty : RHP Si Prescott
Pitching: RHP Si Prescott
Batting: LHB Emmanuel Thorn 0-0: Called Strike
0-1: Fly out, F8 (Flyball, 8RD, EV 101.9 MPH)
Batting: RHB Riley Sistrunk 0-0: Swinging Strike
0-1: Ball
1-1: Swinging Strike
1-2: Strikes out swinging
Batting: RHB Alan West 0-0: Ball
1-0: Called Strike
1-1: Foul Ball, location: 2F
1-2: Ball
2-2: Ground out 5-3 (Groundball, 5S, EV 68.8 MPH)
Bottom of the 1st over - 0 runs, 0 hits, 0 errors, 0 left on base; Trenton 1 - Vancouver 0
TOP OF THE 2ND
Trenton Liberty batting - Pitching for Vancouver Thunderbirds : RHP Marlon Jaynes
Batting: RHB Jaden Goodridge 0-0: Ball
1-0: Ball
2-0: Ball
3-0: Called Strike
3-1: Swinging Strike
3-2: Foul Ball, location: 2F
3-2: Strikes out swinging
Batting: LHB Robert Kishi 0-0: Ground out 6-3 (Groundball, 56, EV 105.0 MPH)
Batting: RHB Connor Weber 0-0: Foul Ball, location: 2F
0-1: Fly out, F8 (Line Drive, 8LM, EV 91.9 MPH)
Top of the 2nd over - 0 runs, 0 hits, 0 errors, 0 left on base; Trenton 1 - Vancouver 0
BOTTOM OF THE 2ND
Vancouver Thunderbirds batting - Pitching for Trenton Liberty : RHP Si Prescott
Batting: SHB Kyle O'Brien 0-0: Swinging Strike
0-1: Ball
1-1: Fly out, F9 (Flyball, 89S, EV 91.2 MPH)
Batting: LHB Randy Logan 0-0: Swinging Strike
0-1: Ball
1-1: Fly out, F9 (Line Drive, 9, EV 95.0 MPH)
Batting: LHB Colton Constable 0-0: Fly out, F9 (Line Drive, 89M, EV 101.9 MPH)
Bottom of the 2nd over - 0 runs, 0 hits, 0 errors, 0 left on base; Trenton 1 - Vancouver 0
TOP OF THE 3RD
Trenton Liberty batting - Pitching for Vancouver Thunderbirds : RHP Marlon Jaynes
Batting: RHB Wellington Wingate 0-0: Swinging Strike
0-1: Foul Ball, location: 2F
0-2: Foul Ball, location: 2F
0-2: Ball
1-2: Ball
2-2: Ball
3-2: Foul Ball, location: 2F
3-2: SINGLE (Groundball, 3S, EV 66.9 MPH) (infield hit)
Batting: RHB Walter Muller 0-0: Ball
1-0: Foul Ball, location: 2F
1-1: Swinging Strike
1-2: Strikes out swinging
Batting: LHB Marc Kreischer 0-0: Called Strike
Wellington Wingate is caught stealing 2nd base 2-6
0-1: Ball
1-1: Ball
2-1: Ball
3-1: Foul Ball, location: 2F
3-2: SOLO HOME RUN (Flyball, 78XD, EV 106.2 MPH), Distance : 402 ft
Batting: SHB Wes Johnson 0-0: Fly out, F6 (Popup, 6, EV 54.4 MPH)
Top of the 3rd over - 1 run, 2 hits, 0 errors, 0 left on base; Trenton 2 - Vancouver 0
BOTTOM OF THE 3RD
Vancouver Thunderbirds batting - Pitching for Trenton Liberty : RHP Si Prescott
Batting: LHB Bubba Cain 0-0: Called Strike
0-1: DOUBLE (Line Drive, 78M, EV 96.9 MPH)
Batting: RHB Andrew Stejskal 0-0: Called Strike
0-1: Called Strike
0-2: Ball
1-2: Strikes out swinging
Batting: LHB J.J. Court 0-0: Ball
1-0: Ball
2-0: Ground out 1-3 (Groundball, 13, EV 69.4 MPH)
Bubba Cain to third
Batting: LHB Emmanuel Thorn 0-0: Ball
1-0: Foul Ball, location: 2F
1-1: Hit by Pitch
Batting: RHB Riley Sistrunk 0-0: Ball
1-0: Ball
2-0: Ball
3-0: Called Strike
3-1: Foul Ball, location: 2F
3-2: Base on Balls
Emmanuel Thorn to second
Batting: RHB Alan West 0-0: Ball
1-0: Ball
2-0: Ball
3-0: Called Strike
3-1: Called Strike
3-2: SINGLE (Flyball, 8RS, EV 89.4 MPH)
Bubba Cain scores
Emmanuel Thorn to third
Riley Sistrunk to second
Emmanuel Thorn scores
Riley Sistrunk to third
Batting: SHB Kyle O'Brien 0-0: Foul Ball, location: 2F
0-1: Ball
1-1: Ball
Passed Ball!
Riley Sistrunk scores
Alan West to second
2-1: Called Strike
2-2: Foul Ball, location: 2F
2-2: Ball
3-2: Fly out, F8 (Line Drive, 8LD, EV 91.9 MPH)
Bottom of the 3rd over - 3 runs, 2 hits, 0 errors, 1 left on base; Trenton 2 - Vancouver 3
TOP OF THE 4TH
Trenton Liberty batting - Pitching for Vancouver Thunderbirds : RHP Marlon Jaynes
Batting: RHB Willy Ellison 0-0: Ball
1-0: Ball
2-0: Foul Ball, location: 2F
2-1: Swinging Strike
2-2: Foul Ball, location: 2F
2-2: Strikes out swinging
Batting: LHB Rob Weeks 0-0: Ball
1-0: Ball
2-0: Ball
3-0: Called Strike
3-1: Base on Balls
Batting: RHB Jaden Goodridge 0-0: Ball
1-0: Fielders Choice at 2nd, 1-4 (Groundball, P, EV 70.0 MPH)
Batting: LHB Robert Kishi 0-0: Swinging Strike
0-1: Ball
1-1: Ground out U3 (Groundball, 3L, EV 88.1 MPH)
Top of the 4th over - 0 runs, 0 hits, 0 errors, 1 left on base; Trenton 2 - Vancouver 3
BOTTOM OF THE 4TH
Vancouver Thunderbirds batting - Pitching for Trenton Liberty : RHP Si Prescott
Batting: LHB Randy Logan 0-0: Ball
1-0: DOUBLE (Line Drive, 3D, EV 94.4 MPH)
Batting: LHB Colton Constable 0-0: Swinging Strike
0-1: Foul Ball, location: 2F
0-2: Foul Ball, location: 2F
0-2: Ball
1-2: Ball
2-2: Foul Ball, location: 2F
2-2: Ball
3-2: Foul Ball, location: 2F
3-2: Base on Balls
Batting: LHB Bubba Cain 0-0: Ball
1-0: Grounds into double play, 4-6-3 (Groundball, 4, EV 87.5 MPH)
Randy Logan to third
Batting: RHB Andrew Stejskal 0-0: Ball
1-0: Called Strike
1-1: Ball
2-1: Ball
3-1: Base on Balls
Batting: LHB J.J. Court 0-0: Ball
1-0: Swinging Strike
1-1: Swinging Strike
1-2: Strikes out swinging
Bottom of the 4th over - 0 runs, 1 hit, 0 errors, 2 left on base; Trenton 2 - Vancouver 3
TOP OF THE 5TH
Trenton Liberty batting - Pitching for Vancouver Thunderbirds : RHP Marlon Jaynes
Batting: RHB Connor Weber 0-0: Called Strike
0-1: Swinging Strike
0-2: Ball
1-2: Ball
2-2: Ground out 5-3 (Groundball, 56, EV 86.9 MPH)
Batting: RHB Wellington Wingate 0-0: Called Strike
0-1: Ball
1-1: Ball
2-1: Swinging Strike
2-2: Ball
3-2: Ground out U3 (Groundball, 34, EV 96.9 MPH)
Batting: RHB Walter Muller 0-0: Called Strike
0-1: Foul Ball, location: 2F
0-2: Strikes out swinging
Top of the 5th over - 0 runs, 0 hits, 0 errors, 0 left on base; Trenton 2 - Vancouver 3
BOTTOM OF THE 5TH
Vancouver Thunderbirds batting - Pitching for Trenton Liberty : RHP Si Prescott
Batting: LHB Emmanuel Thorn 0-0: Ball
1-0: Fly out, F5 (Line Drive, 56, EV 68.1 MPH)
Batting: RHB Riley Sistrunk 0-0: DOUBLE (Line Drive, 89XD, EV 101.2 MPH)
Batting: RHB Alan West 0-0: Ground out 4-3 (Groundball, 4, EV 100.6 MPH)
Riley Sistrunk to third
Batting: SHB Kyle O'Brien 0-0: Ball
1-0: Called Strike
1-1: Swinging Strike
1-2: Foul Ball, location: 2F
1-2: Ground out 1-3 (Groundball, 15S, EV 63.8 MPH)
Bottom of the 5th over - 0 runs, 1 hit, 0 errors, 1 left on base; Trenton 2 - Vancouver 3
TOP OF THE 6TH
Trenton Liberty batting - Pitching for Vancouver Thunderbirds : RHP Marlon Jaynes
Batting: LHB Marc Kreischer 0-0: Called Strike
0-1: Swinging Strike
0-2: Foul Ball, location: 2F
0-2: Fly out, F8 (Flyball, 89M, EV 79.4 MPH)
Batting: SHB Wes Johnson 0-0: Ball
1-0: Ball
2-0: Called Strike
2-1: Ball
3-1: Base on Balls
Batting: RHB Willy Ellison 0-0: Ball
1-0: Ball
2-0: Ball
3-0: Called Strike
3-1: Base on Balls
Wes Johnson to second
Batting: LHB Rob Weeks 0-0: SINGLE (Line Drive, 56D, EV 99.4 MPH)
Wes Johnson to third
Willy Ellison to second
Batting: RHB Jaden Goodridge 0-0: Ball
1-0: Called Strike
1-1: Ball
2-1: Foul Ball, location: 2F
2-2: Strikes out swinging
Batting: LHB Robert Kishi 0-0: Ball
1-0: Ball
2-0: Ball
3-0: Called Strike
3-1: Foul Ball, location: 2F
3-2: Ground out 4-3 (Groundball, 4, EV 101.9 MPH)
Top of the 6th over - 0 runs, 1 hit, 0 errors, 3 left on base; Trenton 2 - Vancouver 3
BOTTOM OF THE 6TH
Vancouver Thunderbirds batting - Pitching for Trenton Liberty : RHP Si Prescott
Batting: LHB Randy Logan 0-0: Ball
1-0: Ball
2-0: Fly out, F7 (Line Drive, 7S, EV 110.6 MPH)
Batting: LHB Colton Constable 0-0: Ball
1-0: Ball
2-0: Ball
3-0: Called Strike
3-1: Called Strike
3-2: Ground out 1-3 (Groundball, 13S, EV 70.0 MPH)
Batting: LHB Bubba Cain 0-0: DOUBLE (Line Drive, 9LD, EV 104.4 MPH) - OUT at third base trying to stretch hit.
Bottom of the 6th over - 0 runs, 1 hit, 0 errors, 0 left on base; Trenton 2 - Vancouver 3
TOP OF THE 7TH
Trenton Liberty batting - Pitching for Vancouver Thunderbirds : RHP Marlon Jaynes
Pitching: RHP Nickolas Kennedy
Batting: RHB Connor Weber 0-0: Fly out, F9 (Flyball, 89D, EV 100.6 MPH)
Batting: RHB Wellington Wingate 0-0: Ball
1-0: Ball
2-0: Called Strike
2-1: Ball
3-1: Base on Balls
Batting: RHB Walter Muller 0-0: Ball
1-0: Ball
2-0: Ball
3-0: Base on Balls
Wellington Wingate to second
Batting: LHB Marc Kreischer 0-0: Called Strike
0-1: Called Strike
0-2: Foul Ball, location: 2F
0-2: Ball
1-2: Strikes out looking
Batting: SHB Wes Johnson 0-0: Swinging Strike
0-1: Ball
1-1: Ball
2-1: Foul Ball, location: 2F
2-2: Ball
3-2: Strikes out looking
Top of the 7th over - 0 runs, 0 hits, 0 errors, 2 left on base; Trenton 2 - Vancouver 3
BOTTOM OF THE 7TH
Vancouver Thunderbirds batting - Pitching for Trenton Liberty : RHP Si Prescott
Batting: RHB Andrew Stejskal 0-0: Called Strike
0-1: Swinging Strike
0-2: Reached on error, E6 (Groundball, 6, EV 84.4 MPH)
Batting: LHB J.J. Court 0-0: Swinging Strike
0-1: Bunted foul
0-2: Ball
1-2: Grounds into double play, 6-4-3 (Groundball, 6, EV 108.1 MPH)
Batting: LHB Emmanuel Thorn 0-0: Reached via error on a dropped throw from 1B, E1 (Groundball, 34, EV 89.4 MPH)
Batting: RHB Riley Sistrunk 0-0: Ball
Passed Ball!
Emmanuel Thorn to second
1-0: Intentional Walk
Batting: RHB Alan West 0-0: Called Strike
0-1: Ball
1-1: Ball
2-1: Called Strike
2-2: Ball
3-2: SINGLE (Line Drive, 9LS, EV 107.5 MPH)
Emmanuel Thorn to third
Riley Sistrunk to second
Emmanuel Thorn scores
Riley Sistrunk to third
Pitching: RHP Elliot Caldwell
Batting: SHB Kyle O'Brien 0-0: Called Strike
0-1: Called Strike
0-2: Ball
1-2: DOUBLE (Line Drive, 5D, EV 96.2 MPH)
Riley Sistrunk scores
Alan West to third
Runner from 3rd tries for Home, SAFE, throw by LF to home
Batting: LHB Randy Logan 0-0: Swinging Strike
0-1: SINGLE (Groundball, 4D, EV 99.4 MPH)
Kyle O'Brien to third
Runner from 3rd tries for Home, SAFE, throw by CF to home
Randy Logan to second
Batting: LHB Colton Constable 0-0: Ball
1-0: Ground out 5-3 (Groundball, 5, EV 110.0 MPH)
Bottom of the 7th over - 4 runs, 3 hits, 2 errors, 1 left on base; Trenton 2 - Vancouver 7
TOP OF THE 8TH
Trenton Liberty batting - Pitching for Vancouver Thunderbirds : RHP Nickolas Kennedy
Batting: RHB Willy Ellison 0-0: Called Strike
0-1: Ground out 1-5-3 (Groundball, 15S, EV 106.2 MPH)
Batting: LHB Rob Weeks 0-0: Ball
1-0: Ball
2-0: SINGLE (Flyball, 4D, EV 86.9 MPH)
Batting: RHB Jaden Goodridge 0-0: Foul Ball, location: 2F
0-1: Foul Ball, location: 2F
0-2: Foul Ball, location: 2F
0-2: Strikes out swinging
Batting: LHB Robert Kishi 0-0: Ground out 4-3 (Groundball, 4, EV 109.4 MPH)
Top of the 8th over - 0 runs, 1 hit, 0 errors, 1 left on base; Trenton 2 - Vancouver 7
BOTTOM OF THE 8TH
Vancouver Thunderbirds batting - Pitching for Trenton Liberty : RHP Elliot Caldwell
Batting: LHB Bubba Cain 0-0: Ball
1-0: Ball
2-0: Ball
3-0: Called Strike
3-1: Foul Ball, location: 2F
3-2: Foul Ball, location: 2F
3-2: Strikes out swinging
Batting: RHB Andrew Stejskal 0-0: Ground out 4-3 (Groundball, 4, EV 83.8 MPH)
Batting: LHB J.J. Court 0-0: Fly out, F7 (Line Drive, 78D, EV 87.5 MPH)
Bottom of the 8th over - 0 runs, 0 hits, 0 errors, 0 left on base; Trenton 2 - Vancouver 7
TOP OF THE 9TH
Trenton Liberty batting - Pitching for Vancouver Thunderbirds : RHP Nickolas Kennedy
Batting: RHB Connor Weber 0-0: Ball
1-0: SINGLE (Groundball, 56D, EV 96.9 MPH)
Batting: RHB Wellington Wingate 0-0: Called Strike
0-1: Foul Ball, location: 2F
0-2: Strikes out swinging
Batting: RHB Walter Muller 0-0: Ball
1-0: Called Strike
1-1: Called Strike
1-2: Strikes out swinging
Pitching: RHP Bobby Anderson
Batting: LHB Marc Kreischer 0-0: Called Strike
0-1: Ball
1-1: Ball
2-1: Ball
3-1: Called Strike
3-2: DOUBLE (Flyball, 8RXD, EV 91.2 MPH)
Connor Weber to third
Connor Weber scores
Batting: SHB Wes Johnson 0-0: Ball
1-0: Called Strike
1-1: Swinging Strike
1-2: Ball
2-2: Foul Ball, location: 2F
2-2: Strikes out swinging
Top of the 9th over - 1 run, 2 hits, 0 errors, 1 left on base; Trenton 3 - Vancouver 7
Monday, March 11th , 2024 - OOTP Baseball 23.10 Build 110